 Dungeon Crawl Stone Soup version 0.24-a0-70-gf44d0c5 (webtiles) character file.

Game seed: 2111005263901891433

64185 Mgcat the Ripper (level 14, -16/70 HPs)
             Began as a Felid Berserker on Feb 6, 2019.
             Was the Champion of Trog.
             Killed by the raging water
             ... invoked by a water nymph
              (30 damage)
             ... on level 1 of the Shoals.
             The game lasted 01:31:02 (32957 turns).

Mgcat the Ripper (Felid Berserker)                 Turns: 32957, Time: 01:31:02

Health: -16/70     AC:  3    Str: 14    XL:     14   Next: 70%
Magic:  20/21      EV: 34    Int:  9    God:    Trog [******]
Gold:   1021       SH:  0    Dex: 19    Spells: 13/13 levels left
                                        Lives:  0   Deaths: 2

rFire    . . .     SeeInvis +     - Unarmed
rCold    + . .     Gourm    .   (shield unavailable)
rNeg     . . .     Faith    +   (armour unavailable)
rPois    .         Spirit   .   (helmet unavailable)
rElec    .         Reflect  .   (cloak unavailable)
rCorr    .         Harm     .   (gloves unavailable)
MR       ++...                  (boots unavailable)
Stlth    +++++.....             j - amulet of faith {Faith, !P}
HPRegen  0.21/turn              o - ring of flight {+Fly, !d}
MPRegen  0.17/turn              q - +3 ring of slaying

@: flying, quick
A: very small, no armour, no weapons or thrown items, stealth, claws 1, fangs 3,
see invisible, carnivore, speed 1, shaggy fur 3, slow metabolism 1, sharp paws
a: Berserk, Trog's Hand, Brothers in Arms, Renounce Religion, Stop Flying


You were on level 1 of the Shoals.
You worshipped Trog.
Trog was exalted by your worship.
You were completely stuffed.

You visited 5 branches of the dungeon, and saw 25 of its levels.
You also visited: Volcano.

You collected 2953 gold pieces.
You spent 1932 gold pieces at shops.

Inventory:

Missiles
 L - a throwing net {=f, !d}
Jewellery
 d - an uncursed ring of resist corrosion
   (You found it on level 1 of the Dungeon)
 j - an amulet of faith (around neck) {Faith, !P}
   (You found it on level 2 of the Dungeon)
 o - a ring of flight (left paw) {+Fly, !d}
   (You found it on level 5 of the Dungeon)
 q - a +3 ring of slaying (right paw)
   (You found it on level 12 of the Dungeon)
 t - an uncursed amulet of guardian spirit {Spirit}
   (You found it on level 11 of the Dungeon)
 z - an uncursed ring of protection from fire {rF+, !d}
   (You found it on level 3 of the Lair of Beasts)
 B - an uncursed ring of protection from magic {MR+, !d}
   (You found it on level 3 of the Lair of Beasts)
 I - the amulet of the Four Winds {rN+ MR+++ Clar}
   (You took it off an orc wizard on level 14 of the Dungeon)

   [amulet of nothing]

   It protects you from negative energy.
   It affects your resistance to hostile enchantments.
   It protects you against confusion.
Wands
 m - a wand of flame (12)
   (You found it on level 11 of the Dungeon)
 p - a wand of enslavement (19)
   (You found it on level 5 of the Dungeon)
 s - a wand of polymorph (5)
   (You took it off Joseph on level 1 of the Lair of Beasts)
 w - a wand of digging (6)
   (You found it on level 2 of the Lair of Beasts)
 y - a wand of iceblast (2)
   (You found it on level 7 of the Dungeon)
 C - a wand of scattershot (2)
   (You found it on level 4 of the Lair of Beasts)
 E - a wand of acid (9)
   (You found it on level 4 of the Lair of Beasts)
 M - a wand of paralysis (4)
   (You found it on level 15 of the Dungeon)
Scrolls
 c - 6 scrolls of identify
 f - 6 scrolls of blinking {!r}
 g - 5 scrolls of fog
 k - 12 scrolls of remove curse
 n - a scroll of fear
 v - 4 scrolls of teleportation
 D - a scroll of immolation {!r}
 F - 3 scrolls of magic mapping {!r}
Potions
 b - 8 potions of flight
 e - 5 potions of heal wounds
 h - 4 potions of might
 i - 5 potions of brilliance
 l - 6 potions of curing
 r - a potion of mutation {!q}
 u - a potion of resistance
 x - 4 potions of agility
 A - 2 potions of magic
 G - a potion of haste
 H - a potion of ambrosia
 K - a potion of cancellation {unknown}
Miscellaneous
 J - a lamp of fire
   (You bought it in a shop on level 10 of the Dungeon)
Comestibles
 a - 54 rations


   Skills:
 + Level 13.0 Fighting
 + Level 17.4 Dodging
 + Level 10.3 Stealth
 * Level 18.5 Unarmed Combat
 + Level 8.3 Evocations


You had 13 spell levels left.
You didn't know any spells.
Your spell library was empty.

Dungeon Overview and Level Annotations

Branches:
Dungeon (15/15)            Temple (0/1) D:4            Lair (6/6) D:11
 Shoals (1/4) Lair:3        Snake (1/4) Lair:3        Slime (0/5) Lair:6
    Orc (2/2) D:10            Elf (0/3) Orc:2        Vaults (0/5) D:14
 Depths (0/5) D:15

Altars:
Ashenzari
Dithmenos
Elyvilon
Fedhas
Gozag
Makhleb
Trog
Yredelemnul
Zin
The Shining One
Beogh
Jiyva

Shops:
D:10 }(%   D:11 ?   D:14 ?*   Orc:2 *[=(

Portals:
Trove: D:12 (give 5 potions of resistance)

Annotations:
D:6 2 transporters, Lanoc's ghost, novice DsGl
D:8 1 exclusion
D:11 2 transporters, Stiffzip's ghost, journeyman SpCj
D:15 exclusion: catoblepas
Lair:4 exclusion: oklob plant
Lair:6 1 runed translucent door
Shoals:1 3 transporters, exclusion: Roxanne, Ajoazim's ghost, adept SpEn; Roxanne


Innate Abilities, Weirdness & Mutations

You cannot wear armour.
You are incapable of wielding weapons or throwing items.
Your paws allow you to move quietly. (Stealth)
You have sharp claws.
You have razor-sharp teeth.
You have supernaturally acute eyesight. (SInv)
You are carnivorous and can eat meat at any time.
You cover ground quickly.
Your thick and shaggy fur keeps you warm. (AC +3, rC+)
You have a slow metabolism.
Your sharp claws are effective at attacking unaware monsters.


Message History

Key pressed, stopping explore.
You now have 992 gold pieces (gained 47).
Things that are here:
a +0 trident of holy wrath; a +0 leather armour You regained 4 hp, and now have 59/70 hp.
Things that are here:
a +0 club; a +0 hunting sling; 15 stones Spoiler Alert: The moth of wrath (wandering) is fast and can enrage both enemies and you!
Marking area around Roxanne as unsafe for travelling.
Roxanne, Geomancer Emeritus comes into view.
Lua error: [string "/dgldir/rcfiles/crawl-git/Mgcat.rc"]:926: invalid capture index Unknown command.
Lua error: [string "/dgldir/rcfiles/crawl-git/Mgcat.rc"]:926: invalid capture index Unknown command.
Lua error: [string "/dgldir/rcfiles/crawl-git/Mgcat.rc"]:926: invalid capture index You now have 1021 gold pieces (gained 29).
You enter the shallow water.
Moving in this stuff is going to be slow.
All of the chunks of flesh in your inventory have rotted away.
There is a transporter here.
You enter the shallow water.
Moving in this stuff is going to be slow.
h - 4 potions of might (gained 1)
There is a transporter here.
You enter the shallow water.
Moving in this stuff is going to be slow.
You enter the shallow water.
Moving in this stuff is going to be slow.
You see here 15 arrows.
You enter the shallow water.
Moving in this stuff is going to be slow.
The hippogriff screeches!
The sea snake hisses angrily.
You enter the shallow water.
Moving in this stuff is going to be slow.
You enter the shallow water.
Moving in this stuff is going to be slow.
The hippogriff screeches! x2; You hear a screech!
The harpy screeches!
Found a stone staircase leading down.
Health restored: 70 A water elemental comes into view.
A water elemental is nearby!
A water elemental is nearby!
A merfolk impaler and a water nymph come into view.
The merfolk impaler is wielding a +1 trident of protection.
Spoiler Alert: The water nymph (sleeping) can create water, teleport to other water, and Waterstrike you!
Lua error: [string "/dgldir/rcfiles/crawl-git/Mgcat.rc"]:926: invalid capture index Spoiler Alert: The water nymph can create water, teleport to other water, and Waterstrike you!
Spoiler Alert: The water nymph can create water, teleport to other water, and Waterstrike you!
You enter the shallow water.
Moving in this stuff is going to be slow.
The water nymph touches you. The water nymph drowns you!
You take 16 damage, and have 54/70 hp.
MASSIVE DAMAGE!!
Spoiler Alert: The water nymph can create water, teleport to other water, and Waterstrike you!
You pounce on the unaware helpless water elemental!
You eviscerate the water elemental!!!!!
You destroy the water elemental!
Trog accepts your kill. The water nymph completely misses you.
Spoiler Alert: The water nymph can create water, teleport to other water, and Waterstrike you!
You claw the water nymph!
The water nymph is moderately wounded.
The water nymph gestures at you while chanting.
The water swirls and strikes you!
You take 13 damage, and have 42/70 hp.
Spoiler Alert: The water nymph can create water, teleport to other water, and Waterstrike you!
You are too injured to fight recklessly!
Spoiler Alert: The water nymph can create water, teleport to other water, and Waterstrike you!
You are too injured to fight recklessly!
Spoiler Alert: The water nymph can create water, teleport to other water, and Waterstrike you!
Your unstable footing causes you to fumble your attack.
The merfolk impaler shouts!
Spoiler Alert: The water nymph can create water, teleport to other water, and Waterstrike you!
Put on which piece of jewellery? (? for menu, Esc to quit)
You're wearing all the rings you can.
Remove which one? (? for menu, Esc to cancel) < or
z - a ring of protection from fire {rF+, !d} > or
q - a +3 ring of slaying You remove your ring of protection from fire {rF+, !d}.
The water nymph misses you.
o - a ring of flight (left paw) {+Fly, !d} Spoiler Alert: The water nymph can create water, teleport to other water, and Waterstrike you!
You feel very buoyant.
You fly up into the air.
You feel somewhat less full.
The water nymph points at you and mumbles some strange words.
The water rises up and strikes you!
* * * LOW HITPOINT WARNING * * *
You take 28 damage, and have 14/70 hp.
MASSIVE DAMAGE!!
You now have 20/21 mp.
Spoiler Alert: The water nymph can create water, teleport to other water, and Waterstrike you!
Unknown command.
Spoiler Alert: The water nymph can create water, teleport to other water, and Waterstrike you!
Unknown command.
Spoiler Alert: The water nymph can create water, teleport to other water, and Waterstrike you!
Unknown command.
Spoiler Alert: The water nymph can create water, teleport to other water, and Waterstrike you!
You mangle the water nymph!! Your claw misses the water nymph.
You bite the water nymph.
The water nymph is almost dead.
The water nymph gestures at you while chanting.
The water rises up and strikes you!
You die...

.. #..#. ...#≈
.............##[.. .#.##
..............#|.# #
≈≈≈..........©#! #
≈≈≈≈...m.>....# #.. ##
≈≈≈≈.......(.## #$..#.#©
≈≈≈≈.........# ) H##..##
≈≈≈≈.≈≈≈.....#.#...#SH.#
≈≈≈≈..m@.....##..#.HH.##
≈≈≈≈≈.....≈...# .HtW.##.
≈≈≈≈≈≈≈≈≈≈≈≈≈.## #####≈.
≈≈≈≈≈≈≈≈≈≈≈≈≈..###......
≈≈≈≈≈≈≈≈≈≈≈≈........≈≈≈.
≈≈≈≈≈≈≈≈≈≈≈.≈..≈≈≈≈≈≈≈≈.
≈≈≈≈≈≈≈≈≈≈≈≈≈≈≈≈≈≈≈≈≈≈≈≈
≈≈≈≈≈≈≈≈≈≈≈≈≈≈≈≈≈≈≈≈≈≈≈≈
≈≈≈≈≈≈≈≈≈≈≈≈.≈≈≈≈≈≈


You could see a merfolk impaler and a water nymph.

Vanquished Creatures
  Gastronok (Lair:2)
  A fire giant (D:15)
  2 dire elephants (Lair:6)
  An ettin (Orc:1)
  A merfolk impaler (Shoals:1)
  An ogre mage (D:14)
  10 hydras
  2 merfolk avatars
  3 centaur warriors
  9 two-headed ogres
  9 death yaks (D:11)
  A shock serpent (Snake:1)
  4 skeletal warriors (D:12)
  A sea snake (Shoals:1)
  2 unseen horrors
  4 orc knights
  4 ugly things (D:14)
  6 harpies
  A faun (Shoals:1)
  5 manticores
  3 deep elf magi (D:14)
  Joseph (Lair:1)
  2 cyclopes
  13 elephants
  4 black mambas
  4 gargoyles
  7 spiny frogs
  9 komodo dragons
  3 rime drakes (Lair:6)
  4 yaktaurs (D:15)
  2 freezing wraiths
  An efreet (D:14)
  2 tengu conjurers (D:14)
  A merfolk (Shoals:1)
  9 trolls
  Grinder (D:5)
  3 meliai (D:13)
  2 polar bears (Lair:6)
  A wind drake (Shoals:1)
  6 hippogriffs
  2 snapping turtles (Shoals:1)
  5 dream sheep (Lair:4)
  16 blink frogs
  A meliai zombie (D:10)
  A shadow (D:12)
  A vampire (D:12)
  3 wyverns
  A water elemental (Shoals:1)
  56 yaks
  3 basilisks
  A steam dragon (D:8)
  3 fire bats (Lair:6)
  4 hungry ghosts
  A redback simulacrum (D:14)
  3 wargs (Orc:2)
  17 water moccasins
  22 orc warriors
  5 porcupines
  5 ice beasts
  3 phantoms
  5 sky beasts
  A black bear (D:13)
  14 ogres
  7 wolves
  18 centaurs
  16 crocodiles
  2 big kobolds (D:14)
  19 bullfrogs
  2 gnoll sergeants (D:8)
  A wyvern zombie (D:12)
  2 scorpions
  A water moccasin skeleton (D:6)
  10 killer bees
  4 electric eels
  7 wights
  6 howler monkeys
  3 centaur zombies
  6 crimson imps
  A quasit (D:9)
  3 bullfrog zombies
  3 gnoll shamans
  13 hounds
  9 jellies
  18 orc wizards
  10 orc priests
  5 bullfrog skeletons
  Jessica (D:3)
  3 centaur skeletons
  3 iguanas
  2 hell rats (Lair:5)
  7 worker ants
  A hound skeleton (D:6)
  30 gnolls
  10 river rats (Lair:5)
  16 adders
  A howler monkey skeleton (D:10)
  2 shadow imps (D:9)
  7 oozes
  An adder skeleton (D:4)
  An adder zombie (D:9)
  2 worms (D:2)
  6 dart slugs
  4 leopard geckos
  82 orcs
  3 ball pythons
  2 giant cockroaches
  2 goblins (D:1)
  5 hobgoblins
  21 jackals
  12 kobolds
  5 quokkas
  7 bats
  6 frilled lizards
  A hobgoblin zombie (D:9)
  2 kobold skeletons (D:9)
  A kobold zombie (D:9)
  An orc skeleton (D:9)
  4 orc zombies (D:9)
  A quokka skeleton (D:4)
  A quokka zombie (D:5)
  5 rats
  A spectral orc (D:2)
  A fungus (Lair:6)
745 creatures vanquished.

Vanquished Creatures (collateral kills)
  A centaur warrior (D:14)
  4 two-headed ogres
  An ogre mage (D:15)
  A death yak (D:10)
  A deep elf knight (D:14)
  2 deep elf magi (D:14)
  5 orc knights (Orc:2)
  An orc sorcerer (Orc:1)
  An ugly thing (D:12)
  A centaur zombie (D:15)
  8 elephants
  4 kobold demonologists
  3 komodo dragons
  2 trolls
  A polar bear (Lair:6)
  A hornet (Lair:6)
  12 blink frogs
  2 slime creatures (D:15)
  2 yaks (Lair:6)
  5 wargs (Orc:2)
  A water moccasin (Lair:6)
  27 orc warriors
  3 ogres
  4 centaurs
  A crocodile (Lair:6)
  5 big kobolds
  A wight (D:15)
  7 orc wizards
  5 orc priests
  A shadow imp (D:15)
  35 orcs
  6 kobolds
154 creatures vanquished.

Vanquished Creatures (others)
  An orc (Orc:1)
  13 bushes (Lair:3)
  22 fungi
  23 plants
59 creatures vanquished.

Grand Total: 958 creatures vanquished

Notes
Turn   | Place    | Note
-------+----------+-------------------------------------------
     0 | D:1      | Mgcat the Felid Berserker began the quest for the Orb.
     0 | D:1      | Reached XP level 1. HP: 10/10 MP: 2/2
   131 | D:1      | Reached skill level 1 in Stealth
   131 | D:1      | Reached XP level 2. HP: 14/14 MP: 3/3
   379 | D:1      | Reached XP level 3. HP: 17/17 MP: 4/4
   764 | D:2      | Reached ** piety under Trog
   786 | D:2      | Reached skill level 2 in Stealth
   823 | D:2      | HP: 3/17 [gnoll/+3 whip (11)]
  1113 | D:2      | Reached XP level 4. HP: 21/21 MP: 5/5
  1342 | D:2      | HP: 4/21 [dart slug/slug dart (7)]
  1343 | D:2      | Reached skill level 5 in Dodging
  1349 | D:2      | HP: 4/33 [poisoned by a kobold]
  1751 | D:2      | Found a basalt altar of Yredelemnul.
  2086 | D:3      | Noticed Jessica
  2087 | D:3      | Found a white marble altar of Elyvilon.
  2089 | D:3      | Killed Jessica
  2089 | D:3      | Reached skill level 3 in Stealth
  2089 | D:3      | Reached XP level 5. HP: 25/25 MP: 6/6
  2914 | D:4      | Noticed an ogre
  2928 | D:4      | Killed an ogre
  2928 | D:4      | Reached skill level 4 in Fighting
  2928 | D:4      | Reached skill level 4 in Unarmed Combat
  3026 | D:4      | Reached skill level 4 in Stealth
  3026 | D:4      | Gained mutation: You are covered in thick fur. (AC +2)
                  | [Felid growth]
  3026 | D:4      | Reached XP level 6. HP: 24/28 MP: 7/7
  3388 | D:4      | Reached skill level 6 in Dodging
  3474 | D:4      | Found a staircase to the Ecumenical Temple.
  3524 | D:4      | Reached *** piety under Trog
  3683 | D:5      | Entered Level 5 of the Dungeon
  4082 | D:5      | Reached skill level 5 in Stealth
  4082 | D:5      | Reached XP level 7. HP: 33/33 MP: 8/8
  4126 | D:5      | Reached skill level 1 in Evocations
  4162 | D:5      | Noticed Grinder
  4171 | D:5      | Killed Grinder
  4171 | D:5      | Reached skill level 5 in Fighting
  4171 | D:5      | Reached skill level 5 in Unarmed Combat
  4171 | D:5      | Reached skill level 2 in Evocations
  4225 | D:5      | Found a bloodstained altar of Trog.
  4232 | D:5      | Reached skill level 3 in Evocations
  4559 | D:5      | Found a shattered altar of Ashenzari.
  5007 | D:6      | Reached XP level 8. HP: 27/37 MP: 11/11
  5017 | D:6      | Reached skill level 6 in Unarmed Combat
  5171 | D:6      | Reached skill level 4 in Evocations
  5196 | D:6      | Noticed an unseen horror
  5209 | D:6      | Reached skill level 5 in Evocations
  5219 | D:6      | Killed an unseen horror
  5219 | D:6      | Reached skill level 8 in Unarmed Combat
  5454 | D:6      | Reached **** piety under Trog
  5459 | D:6      | Reached XP level 9. HP: 33/40 MP: 13/13
  5552 | D:6      | Reached skill level 9 in Unarmed Combat
  5731 | D:6      | Noticed Lanoc's ghost (novice DsGl)
  5740 | D:6      | Found a transporter.
  5742 | D:6      | Found a transporter.
  5780 | D:6      | Noticed a queen bee
  6144 | D:6      | HP: 8/40 [bullfrog (3)]
  6460 | D:7      | Reached skill level 10 in Unarmed Combat
  6741 | D:7      | Found a glowing silver altar of Zin.
  6867 | D:7      | Reached skill level 11 in Unarmed Combat
  7387 | D:7      | Reached ***** piety under Trog
  7699 | D:8      | HP: 5/40 [steam dragon (6)]
  8403 | D:8      | Reached XP level 10. HP: 44/44 MP: 14/14
  8648 | D:8      | Reached skill level 12 in Unarmed Combat
  8974 | D:8      | Noticed a two-headed ogre
  9250 | D:8      | Killed a two-headed ogre
  9632 | D:8      | Found a glowing golden altar of the Shining One.
  9709 | D:8      | Reached skill level 13 in Unarmed Combat
 10039 | D:9      | Found a shadowy altar of Dithmenos.
 10272 | D:9      | Noticed a gargoyle
 10283 | D:9      | Killed a gargoyle
 10505 | D:9      | Noticed a two-headed ogre
 10775 | D:9      | Found a glowing golden altar of the Shining One.
 10874 | D:9      | Noticed a two-headed ogre
 10931 | D:9      | Killed a two-headed ogre
 10931 | D:9      | Reached skill level 14 in Unarmed Combat
 11255 | D:9      | Killed a two-headed ogre
 11255 | D:9      | Reached skill level 7 in Dodging
 11255 | D:9      | Reached XP level 11. HP: 47/48 MP: 15/15
 11330 | D:9      | Noticed a two-headed ogre
 11337 | D:9      | Killed a two-headed ogre
 11337 | D:9      | Reached skill level 8 in Dodging
 11338 | D:9      | Reached skill level 9 in Dodging
 11425 | D:9      | Found a viscous altar of Jiyva.
 11594 | D:10     | Entered Level 10 of the Dungeon
 11608 | D:10     | Reached ****** piety under Trog
 11608 | D:10     | HP: 18/72 [meliai zombie (7)]
 11610 | D:10     | HP: 7/72 [meliai zombie (3)]
 12102 | D:10     | Found Reemuq's Gadget Shop.
 12109 | D:10     | Bought a wand of iceblast (10) for 224 gold pieces
 12174 | D:10     | Found Kaoskil's Weapon Shoppe.
 12186 | D:10     | Reached skill level 10 in Dodging
 12411 | D:10     | Found Zaerowau's Food Boutique.
 12449 | D:10     | Found a staircase to the Orcish Mines.
 12847 | D:11     | Noticed a death yak
 12847 | D:11     | Noticed a death yak
 12911 | D:11     | Reached skill level 6 in Stealth
 13115 | D:11     | Noticed a seven-headed hydra
 13122 | D:11     | Killed a seven-headed hydra
 13122 | D:11     | Reached skill level 6 in Fighting
 13181 | D:11     | Noticed a four-headed hydra
 13298 | D:11     | Reached skill level 6 in Evocations
 13396 | D:11     | Killed a four-headed hydra
 13399 | D:11     | Found Jyiros's Magic Scroll Shop.
 13429 | D:11     | Found a transporter.
 13431 | D:11     | Found a transporter.
 13434 | D:11     | Noticed Stiffzip's ghost (journeyman SpCj)
 13441 | D:11     | Noticed a two-headed ogre
 13462 | D:11     | HP: 18/72 [two-headed ogre/+0 giant club (23)]
 13465 | D:11     | Killed a two-headed ogre
 13465 | D:11     | Reached skill level 7 in Stealth
 13468 | D:11     | HP: 3/73 [manticore (13)]
 13778 | D:11     | Reached skill level 11 in Dodging
 13892 | D:11     | Noticed a death yak
 13893 | D:11     | HP: 12/73 [cyclops (29)]
 13897 | D:11     | Gained mutation: Your thick and shaggy fur keeps you warm.
                  | (AC +3, rC+) [Felid growth]
 13897 | D:11     | Reached XP level 12. HP: 13/53 MP: 16/18
 14288 | D:11     | Noticed a two-headed ogre
 14326 | D:11     | Killed a two-headed ogre
 14365 | D:11     | Killed a death yak
 14365 | D:11     | Reached skill level 7 in Fighting
 14365 | D:11     | Reached skill level 7 in Evocations
 14368 | D:11     | Killed a death yak
 14436 | D:11     | Found a staircase to the Lair.
 14620 | D:11     | Noticed a death yak
 14621 | D:11     | Noticed a death yak
 14622 | D:11     | Noticed a death yak
 14622 | D:11     | Noticed a death yak
 14623 | D:11     | Noticed a death yak
 14632 | D:11     | Killed a death yak
 14709 | D:11     | Noticed a death yak
 14713 | D:11     | Noticed a death yak
 14717 | D:11     | Killed a death yak
 14719 | D:11     | Killed a death yak
 14860 | D:11     | Killed a death yak
 14867 | D:11     | Killed a death yak
 14867 | D:11     | Reached skill level 12 in Dodging
 14892 | D:10     | Killed a death yak
 15077 | D:11     | Killed a death yak
 15077 | D:11     | Reached skill level 15 in Unarmed Combat
 15077 | D:11     | Reached skill level 8 in Evocations
 15082 | D:11     | Killed a death yak
 15082 | D:11     | Reached skill level 8 in Fighting
 15127 | D:11     | Found a staircase to the Lair.
 15198 | D:11     | Found a transporter.
 15201 | D:11     | Found a transporter.
 15406 | D:11     | Found Jyiros's Magic Scroll Shop.
 15722 | Lair:1   | Entered Level 1 of the Lair of Beasts
 15901 | Lair:1   | Noticed Joseph
 16008 | Lair:1   | Killed Joseph
 16214 | Lair:1   | Noticed an eight-headed hydra
 16254 | Lair:1   | HP: 14/82 [eight-headed hydra (12)]
 16255 | Lair:1   | Killed an eight-headed hydra
 17352 | Lair:2   | Reached skill level 13 in Dodging
 17499 | Lair:2   | Reached XP level 13. HP: 60/60 MP: 20/20
 17717 | Lair:2   | Reached skill level 9 in Fighting
 18233 | Lair:2   | Noticed Gastronok
 18250 | Lair:2   | Killed Gastronok
 18901 | Lair:3   | Found a staircase to the Snake Pit.
 19065 | Lair:3   | Identified a scroll of acquirement
 19747 | Lair:3   | Reached skill level 14 in Dodging
 19785 | Lair:3   | Found a staircase to the Shoals.
 19964 | Lair:3   | Reached skill level 10 in Fighting
 20355 | Lair:4   | Reached skill level 16 in Unarmed Combat
 21147 | Lair:4   | Reached skill level 8 in Stealth
 21903 | Lair:5   | Found a blossoming altar of Fedhas.
 21990 | Lair:5   | Reached XP level 14. HP: 66/66 MP: 21/21
 22475 | Lair:6   | Entered Level 6 of the Lair of Beasts
 22794 | Lair:6   | Found a dark tunnel.
 22818 | Volcano  | Entered a volcano
 22898 | Lair:6   | Reached skill level 15 in Dodging
 22898 | Lair:6   | Reached skill level 9 in Stealth
 22901 | Lair:6   | HP: 10/66 [crocodile (16)]
 22902 | Lair:6   | Slain by a crocodile
 22903 | Lair:6   | Reached XP level 13. HP: 0/94 MP: 20/20
 22949 | Lair:6   | Reached skill level 11 in Fighting
 23476 | Lair:6   | Reached skill level 10 in Stealth
 23700 | Lair:6   | Noticed a dire elephant
 23721 | Lair:6   | Noticed a dire elephant
 23728 | Lair:6   | Killed a dire elephant
 23785 | Lair:6   | Killed a dire elephant
 23837 | Lair:6   | Found a runed translucent door.
 23837 | Lair:6   | Found a viscous altar of Jiyva.
 23840 | Lair:6   | Noticed an acid blob
 23841 | Lair:6   | Found a staircase to the Slime Pits.
 24090 | Lair:6   | Identified Plog's Reference Book on Orientation and
                  | Creation
 24425 | D:11     | Bought a scroll of acquirement for 780 gold pieces
 24525 | Orc:1    | Entered Level 1 of the Orcish Mines
 24535 | Orc:1    | HP: 12/63 [orc warrior/+0 battleaxe[an orc knight] (23)]
 24536 | Orc:1    | HP: 3/63 [orc warrior/+0 glaive (10)]
 24554 | D:10     | HP: 15/63 [orc warrior/+0 short sword[an orc knight] (8)]
 24891 | Orc:1    | You fall through a shaft!
 24891 | Orc:2    | Entered Level 2 of the Orcish Mines
 24891 | Orc:2    | Found Cafriaku's Antique Weapon Emporium.
 24911 | Orc:2    | Found Sogarala's Jewellery Boutique.
 24934 | Orc:2    | Reached skill level 17 in Unarmed Combat
 24934 | Orc:2    | Reached XP level 14. HP: 37/68 MP: 21/21
 24947 | Orc:2    | Reached skill level 16 in Dodging
 25448 | Orc:2    | Found a staircase to the Elven Halls.
 25509 | Orc:2    | Found a roughly hewn altar of Beogh.
 26080 | Orc:2    | Found Wioblik's General Store.
 26080 | Orc:2    | Found Ilioteem's Armour Emporium.
 26851 | Orc:1    | Found a roughly hewn altar of Beogh.
 27072 | D:11     | Reached skill level 12 in Fighting
 27692 | D:12     | HP: 11/69 [skeletal warrior/+0 battleaxe[a skeletal
                  | warrior] (32)]
 27694 | D:12     | Mangled by a skeletal warrior
 27695 | D:12     | Reached XP level 13. HP: -8/64 MP: 20/20
 27957 | D:12     | Found a burning altar of Makhleb.
 28109 | D:12     | Found a portal to a secret trove of treasure.
 28791 | D:13     | HP: 23/96 [seven-headed hydra (7)]
 29471 | D:14     | Found an opulent altar of Gozag.
 29675 | D:14     | Reached XP level 14. HP: 37/69 MP: 21/21
 29975 | D:14     | Found Pomear's Magic Scroll Shoppe.
 29985 | D:14     | Bought a scroll of magic mapping for 38 gold pieces
 29985 | D:14     | Bought a scroll of teleportation for 33 gold pieces
 30023 | D:14     | Reached skill level 18 in Unarmed Combat
 30094 | D:14     | Found Gozag's Platinum Reserve.
 30333 | D:14     | Found a gate to the Vaults.
 30434 | D:15     | Entered Level 15 of the Dungeon
 30474 | D:15     | Reached skill level 17 in Dodging
 30849 | D:15     | Noticed a fire giant
 30850 | D:15     | Found a staircase to the Depths.
 30862 | D:15     | Killed a fire giant
 31775 | D:10     | Bought a lamp of fire for 640 gold pieces
 31831 | D:11     | Bought a scroll of blinking for 112 gold pieces
 31831 | D:11     | Bought a scroll of teleportation for 45 gold pieces
 31831 | D:11     | Bought a scroll of fog for 30 gold pieces
 31831 | D:11     | Bought a scroll of fog for 30 gold pieces
 31929 | Snake:1  | Entered Level 1 of the Snake Pit
 32039 | Shoals:1 | Entered Level 1 of the Shoals
 32523 | Shoals:1 | Reached skill level 13 in Fighting
 32850 | Shoals:1 | Noticed Roxanne
 32874 | Shoals:1 | Found a transporter.
 32930 | Shoals:1 | Found a transporter.
 32933 | Shoals:1 | Noticed Ajoazim's ghost (adept SpEn)
 32945 | Shoals:1 | Found a transporter.
 32956 | Shoals:1 | HP: 14/70 [water nymph/the raging water (28)]
 32957 | Shoals:1 | Killed from afar by a water nymph

Vault maps used:
D:1:      lightli_arrival_maybe_door_vault, layout_loops_ring,
          minmay_split_cup_small
D:2:      layout_rooms, yredelemnul_forgotten_temple_becter
D:3:      layout_basic, elyvilon_altar_5, uniq_jessica
D:4:      layout_loops_ring, minmay_temple_entry_gardened_gates, first_ration
D:5:      layout_loops_ring, ashenzari_conservatory_becter, bloody_trog,
          bh_chokoban, uniq_grinder
D:6:      cheibrodos_barr_body, layout_basic, gammafunk_ghost_hive
D:7:      layout_cave_pods, zin_scriptorium
D:8:      layout_cave_pods, serial_gnoll_camp, gnoll_camp_mini_basic,
          gnoll_camp_medium_02, gnoll_camp_mini_doghouse,
          gnoll_camp_mini_loothouse, gnoll_camp_mini_house, lemuel_centaur_altar
D:9:      layout_basic, grunt_dithmenos_smoke, nicolae_tso_besieged_by_evil,
          hangedman_little_slice_of_home
D:10:     layout_roguey, orc_0_dummy, serial_shops, nicolae_shop_stone,
          nicolae_shop_waterfront, shop
D:11:     layout_basic, dpeg_lair_monsters, serial_shops,
          nicolae_shop_waterfront, gammafunk_ghost_hive,
          portal_ice_cave_entry_pillars_2, minivault_26, nrook_campfire
D:12:     layout_long_grid, trove_entry_hex_spiral, minmay_misc_feat_x,
          hangedman_glass_teeth, st_stairs_13, bloody_makhleb
D:13:     layout_cave_pods
D:14:     layout_irregular_city, hangedman_vaults_entry_quadrant_bands,
          serial_shops, kennysheep_mini, serial_bayou_pond_e,
          nicolae_gozag_zags_fifth_avenue
D:15:     grunt_enter_depths_giant_problem, layout_loops_ring
Lair:1:   layout_regular_city, uniq_joseph
Lair:2:   layout_cave_pods, grunt_megastairs_3, lemuel_fruit_tree,
          uniq_gastronok
Lair:3:   layout_chaotic_city, minmay_shoals_entry_beasts,
          minmay_snake_entry_six_corridors, minmay_hedge_maze
Lair:4:   layout_small_grid, grunt_megastairs_4
Lair:5:   layout_hall_layers, basic_altar, kennysheep_rathole
Lair:6:   gammafunk_lair_ancient_temple, layout_loops_ring, slime_altar_2,
          nicolae_volcano_entry_batcave, columned_hall_lemuel,
          chequers_serial_rivers_micro_b, serial_bayou_pond_b,
          serial_bayou_shore_b
Shoals:1: gammafunk_its_a_trap, layout_shoals,
          gammafunk_ghost_berserking_beasts, uniq_roxanne
Snake:1:  layout_rooms, ebering_ghost_inner_flame,
          minmay_shop_enchanted_jewellery
Orc:1:    layout_caves, basic_altar
Orc:2:    st_orc_town, layout_caves
Volcano:  volcano_lake [vl_original]

Skill      XL: |  1  2  3  4  5  6  7  8  9 10 11 12 13 14 |
---------------+-------------------------------------------+-----
Stealth        | 1 2 3 4 5 7 10 9 | 10.3
Dodging        | 5 6 7 11 13 14 17 | 17.4
Fighting       | 4 5 6 8 11 13 | 13.0
Unarmed Combat | 4 5 8 11 14 15 17 18 | 18.5
Evocations     | 3 5 6 8 |  8.3

Action                   |  1- 3 |  4- 6 |  7- 9 | 10-12 | 13-15 || total
-------------------------+-------+-------+-------+-------+-------++-------
Melee: Unarmed           |    81 |   122 |   272 |   553 |  1179 ||  2207
       Bite              |     3 |    18 |    32 |    82 |   145 ||   280
       Punch             |     2 |       |     9 |    42 |   106 ||   159
Invok: Berserk           |     4 |     3 |    11 |    27 |    30 ||    75
       Brothers in Arms  |       |       |       |     1 |    25 ||    26
       Trog's Hand       |       |       |       |       |     2 ||     2
 Abil: Evoke Flight      |       |       |       |       |     2 ||     2
Evoke: Wand              |       |     1 |    16 |    28 |    39 ||    84
  Use: Scroll            |       |     2 |    12 |     3 |    14 ||    31
       Potion            |       |     2 |       |       |     1 ||     3
 Stab: Sleeping          |     4 |     4 |    12 |    22 |    43 ||    85
       Distracted        |     1 |     1 |       |     1 |    14 ||    17
       Paralysed         |       |       |     2 |     8 |       ||    10
  Eat: Chunk             |    11 |     7 |    27 |    45 |    83 ||   173
Armor: Skin              |       |     1 |     5 |     8 |    20 ||    34
Dodge: Dodged            |    52 |    94 |   188 |   405 |   969 ||  1708

Table legend:
 A = Non-vault XP
 B = Vault XP
 C = Vault XP percentage of total XP
 D = Non-vault monster count
 E = Vault monster count
 F = Vault count percentage of total count
                 A         B        C        D         E       F
            +---------+---------+-------+---------+---------+-------
      Total |  107203 |   43388 |  28.8 |     675 |     223 |  24.8
            +---------+---------+-------+---------+---------+-------
        D:1 |      72 |       4 |   5.3 |      32 |       3 |   8.6
        D:2 |      88 |       1 |   1.1 |      16 |       1 |   5.9
        D:3 |      26 |      37 |  58.7 |       8 |       1 |  11.1
        D:4 |     392 |       0 |   0.0 |      15 |       0 |   0.0
        D:5 |     448 |     304 |  40.4 |      18 |       1 |   5.3
        D:6 |     675 |    1315 |  66.1 |      17 |       9 |  34.6
        D:7 |    1499 |      54 |   3.5 |      28 |       2 |   6.7
        D:8 |    1852 |     969 |  34.3 |      17 |      30 |  63.8
        D:9 |    4882 |     187 |   3.7 |      36 |      18 |  33.3
       D:10 |    4357 |     721 |  14.2 |      43 |       1 |   2.3
       D:11 |    8337 |    7820 |  48.4 |      36 |       9 |  20.0
       D:12 |    6749 |     932 |  12.1 |      43 |       1 |   2.3
       D:13 |    6749 |       0 |   0.0 |      29 |       0 |   0.0
       D:14 |    7637 |    5454 |  41.7 |      34 |      19 |  35.8
       D:15 |   10521 |    1765 |  14.4 |      48 |       1 |   2.0
     Lair:1 |    2812 |     513 |  15.4 |      12 |       1 |   7.7
     Lair:2 |    5584 |    2799 |  33.4 |      25 |       2 |   7.4
     Lair:3 |    6886 |    1978 |  22.3 |      31 |      16 |  34.0
     Lair:4 |    8978 |    1169 |  11.5 |      27 |       6 |  18.2
     Lair:5 |    3940 |     203 |   4.9 |      14 |      13 |  48.1
     Lair:6 |    9152 |   12125 |  57.0 |      44 |      30 |  40.5
   Shoals:1 |    8607 |       0 |   0.0 |      16 |       0 |   0.0
    Snake:1 |     809 |       0 |   0.0 |       1 |       0 |   0.0
      Orc:1 |    2881 |       0 |   0.0 |      34 |       0 |   0.0
      Orc:2 |    3270 |    5038 |  60.6 |      51 |      59 |  53.6
            +---------+---------+-------+---------+---------+-------

Vault maps used:
D:1:      lightli_arrival_maybe_door_vault, layout_loops_ring,
          minmay_split_cup_small
D:2:      layout_rooms, yredelemnul_forgotten_temple_becter
D:3:      layout_basic, elyvilon_altar_5, uniq_jessica
D:4:      layout_loops_ring, minmay_temple_entry_gardened_gates, first_ration
D:5:      layout_loops_ring, ashenzari_conservatory_becter, bloody_trog,
          bh_chokoban, uniq_grinder
D:6:      cheibrodos_barr_body, layout_basic, gammafunk_ghost_hive
D:7:      layout_cave_pods, zin_scriptorium
D:8:      layout_cave_pods, serial_gnoll_camp, gnoll_camp_mini_basic,
          gnoll_camp_medium_02, gnoll_camp_mini_doghouse,
          gnoll_camp_mini_loothouse, gnoll_camp_mini_house, lemuel_centaur_altar
D:9:      layout_basic, grunt_dithmenos_smoke, nicolae_tso_besieged_by_evil,
          hangedman_little_slice_of_home
D:10:     layout_roguey, orc_0_dummy, serial_shops, nicolae_shop_stone,
          nicolae_shop_waterfront, shop
D:11:     layout_basic, dpeg_lair_monsters, serial_shops,
          nicolae_shop_waterfront, gammafunk_ghost_hive,
          portal_ice_cave_entry_pillars_2, minivault_26, nrook_campfire
D:12:     layout_long_grid, trove_entry_hex_spiral, minmay_misc_feat_x,
          hangedman_glass_teeth, st_stairs_13, bloody_makhleb
D:13:     layout_cave_pods
D:14:     layout_irregular_city, hangedman_vaults_entry_quadrant_bands,
          serial_shops, kennysheep_mini, serial_bayou_pond_e,
          nicolae_gozag_zags_fifth_avenue
D:15:     grunt_enter_depths_giant_problem, layout_loops_ring
Lair:1:   layout_regular_city, uniq_joseph
Lair:2:   layout_cave_pods, grunt_megastairs_3, lemuel_fruit_tree,
          uniq_gastronok
Lair:3:   layout_chaotic_city, minmay_shoals_entry_beasts,
          minmay_snake_entry_six_corridors, minmay_hedge_maze
Lair:4:   layout_small_grid, grunt_megastairs_4
Lair:5:   layout_hall_layers, basic_altar, kennysheep_rathole
Lair:6:   gammafunk_lair_ancient_temple, layout_loops_ring, slime_altar_2,
          nicolae_volcano_entry_batcave, columned_hall_lemuel,
          chequers_serial_rivers_micro_b, serial_bayou_pond_b,
          serial_bayou_shore_b
Shoals:1: gammafunk_its_a_trap, layout_shoals,
          gammafunk_ghost_berserking_beasts, uniq_roxanne
Snake:1:  layout_rooms, ebering_ghost_inner_flame,
          minmay_shop_enchanted_jewellery
Orc:1:    layout_caves, basic_altar
Orc:2:    st_orc_town, layout_caves
Volcano:  volcano_lake [vl_original]

Table legend:
 A = Turns spent in this place as a percentage of turns spent in the entire game.
 B = Non-inter-level travel turns spent in this place as a percentage of non-inter-level travel turns spent in the entire game.
 C = Inter-level travel turns spent in this place as a percentage of turns spent in this place.
 D = Turns resting spent in this place as a percentage of non-inter-level travel turns spent in this place.
 E = Turns spent auto-exploring this place as a percentage of non-inter-level travel turns spent in this place.
 F = Non-inter-level travel turns spent in this place divided by the number of levels of this place that you've seen.
                   A       B       C       D       E      F
               +-------+-------+-------+-------+-------+----------------------
         Total | 100.0 | 100.0 |   6.2 |  29.7 |  48.4 | 1189.4
       Dungeon |  64.4 |  64.2 |   6.5 |  31.8 |  47.3 | 1322.9
          Lair |  26.9 |  27.2 |   5.3 |  24.0 |  52.7 | 1401.7
        Shoals |   1.7 |   1.7 |   5.1 |  22.8 |  46.4 | 517.0
     Snake Pit |   0.2 |   0.2 |  16.7 |   0.0 |  83.3 |  60.0
  Orcish Mines |   6.7 |   6.7 |   6.8 |  36.4 |  40.6 | 1035.0
       Volcano |   0.1 |   0.1 |   0.0 |   0.0 |  83.3 |  24.0
               +-------+-------+-------+-------+-------+----------------------

Table legend:
 A = Kills in this place as a percentage of kills in entire the game.
 B = Kills by you in this place as a percentage of kills by you in the entire game.
 C = Kills by friends in this place as a percentage of kills by friends in the entire game.
 D = Other kills in this place as a percentage of other kills in the entire game.
 E = Experience gained in this place as a percentage of experience gained in the entire game.
 F = Experience gained in this place divided by the number of levels of this place that you have seen.
                   A       B       C       D       E      F
               +-------+-------+-------+-------+-------+----------------------
         Total | 100.0 | 100.0 | 100.0 |   N/A | 100.0 | 5792.0
       Dungeon |  57.5 |  62.8 |  31.8 |   N/A |  49.0 | 4923.1
          Lair |  24.6 |  25.9 |  18.2 |   N/A |  37.3 | 9356.5
        Shoals |   1.8 |   2.2 |   0.0 |   N/A |   5.7 | 8607.0
     Snake Pit |   0.1 |   0.1 |   0.0 |   N/A |   0.5 | 809.0
  Orcish Mines |  16.0 |   9.0 |  50.0 |   N/A |   7.4 | 5594.5
               +-------+-------+-------+-------+-------+----------------------
